Canucks vs Blackhawks

Created - March 30, 2020 at 19:00

Goals
1 2 3 T
Canucks 1 4 2 7
Blackhawks 2 3 0 5
Shots
1 2 3 T
Canucks 8 8 16 32
Blackhawks 11 13 10 34

1st period

1. Canucks , Robert Nilsson 26 (Jamie McBain 48) at 3:29 (PP)
2. Blackhawks , Antoine Roussel 29 (Derick Brassard 72, Rick Nash 30) at 14:01
3. Blackhawks , Cody Hodgson 16 (Matthew Spiller 10, Chris Kreider 30) at 19:22

Penalties :
Tomas Fleischmann (Chi) for High sticking (Minor) at 3:28, Andrei Kostitsyn (Van) for Delaying the game (Minor) at 9:34, Jason Zucker (Van) for High sticking (Minor) at 19:25

2nd period

4. Canucks , Robert Nilsson 27 (Jamie McBain 49) at 0:26
5. Canucks , Marc Savard 14 (Robert Nilsson 43, Jamie McBain 50) at 0:40
6. Blackhawks , Derick Brassard 37 (Mike Green 25) at 0:48
7. Canucks , Jamie McBain 16 (Robert Nilsson 44, Drew Fata 22) at 5:44 (PP)
8. Blackhawks , Antoine Roussel 30 (Brandon Yip 6) at 8:17
9. Canucks , Brandon Sutter 18 (Jeremy Morin 21, Jacob Markstrom) at 14:22
10. Blackhawks , Erik Christensen 11 (Tomas Fleischmann 14) at 19:29

Penalties :
John Carlson (Chi) for Hooking (Minor) at 0:22, Eric Brewer (Chi) for Hooking (Minor) at 5:33, Nick Palmieri (Van) for Elbowing (Minor) at 10:50, Erik Christensen (Chi) for Roughing (Minor) at 17:16

3rd period

11. Canucks , Jonathan Blum 2 (Ben Lovejoy 21, Marc Savard 24) at 0:42 (PP)
12. Canucks , Robert Nilsson 28 (Drew Fata 23, Jamie McBain 51) at 19:18 (Empty Net)

Penalties :
Derick Brassard (Chi) for Hooking (Minor) at 0:07, David Jones (Chi) for Hooking (Minor) at 2:31, Jamie McBain (Van) for Diving (Minor) at 6:54, Jordie Benn (Van) for Hooking (Minor) at 13:16

Goalie Stats

Jacob Markstrom (Van), 29 saves from 34 shots - (0.853), W, 25-29-5, 60:00 minutes
Ray Emery (Chi), 25 saves from 31 shots - (0.806), L, 2-3-1, 59:48 minutes

Players Stats for Canucks

Player Name              G  A  P  +/- PIM S  H  SB GA TA FO     MP     PP MP  PK MP  
------------------------------------------------------------------------------------
Andrei Kostitsyn         0  0  0   0  2   2  2  1  0  0  0/0    18:32   2:03   1:53 
Ben Lovejoy              0  1  1  -1  0   1  1  2  0  0  0/0    20:39   1:54   3:12 
Brad Boyes               0  0  0  -1  0   1  0  0  0  0  1/1    15:22   2:03   0:00 
Brandon Saad             0  0  0  -1  0   0  2  0  0  0  0/0     5:35   0:00   0:29 
Brandon Sutter           1  0  1  -1  0   6  0  1  0  0  3/7    13:37   0:00   0:15 
Drew Fata                0  2  2   1  0   2  1  4  1  2  0/0    29:38   3:48   5:59 
Jack Skille              0  0  0  -1  0   0  0  0  0  0  0/1     2:40   0:21   0:00 
Jake Muzzin              0  0  0  -1  0   0  0  0  0  1  0/0    10:54   0:00   1:13 
Jamie McBain             1  4  5   1  2   3  0  2  2  3  0/0    28:20   3:48   4:41 
Jason Zucker             0  0  0  -1  2   2  0  1  0  0  0/0    11:09   0:29   0:00 
Jeremy Morin             0  1  1  -1  0   0  0  1  0  1  1/2    12:27   0:00   1:08 
Jesper Fast              0  0  0  -1  0   0  0  0  0  0  0/0     3:44   0:00   0:00 
Jonathan Blum            1  0  1  -1  0   1  2  2  0  1  0/0    20:28   1:54   2:41 
Jordie Benn              0  0  0  -1  2   0  0  0  0  1  0/0    10:35   0:00   0:00 
Loui Eriksson            0  0  0   1  0   4  3  0  0  0  3/4    19:44   3:10   2:31 
Marc Savard              1  1  2   0  0   1  0  0  1  0  6/12   22:22   2:32   5:36 
Nick Palmieri            0  0  0   1  2   0  2  2  0  2  1/1    17:13   3:10   0:00 
Robert Nilsson           3  2  5   1  0   9  4  0  1  0  22/40  27:01   3:18   5:54 

Players Stats for Blackhawks

Player Name              G  A  P  +/- PIM S  H  SB GA TA FO     MP     PP MP  PK MP  
------------------------------------------------------------------------------------
Antoine Roussel          2  0  2   0  0   6  2  0  2  1  0/0    21:56   4:56   3:33 
Brandon Yip              0  1  1   1  0   2  3  1  1  0  0/0    17:41   3:41   0:00 
Chris Kreider            0  1  1   1  0   2  3  0  1  0  1/1    19:04   3:41   1:54 
Cody Hodgson             1  0  1   1  0   2  1  0  0  0  6/10   17:10   3:41   0:00 
David Jones              0  0  0   1  2   0  2  0  0  0  0/0    13:05   0:16   0:00 
Derick Brassard          1  1  2  -1  2   4  0  0  2  0  16/39  23:31   4:56   0:52 
Eric Brewer              0  0  0   2  2   1  1  0  0  0  0/0    15:30   0:00   2:09 
Erik Christensen         1  0  1   1  2   2  1  0  2  0  4/6    14:04   0:16   0:21 
Gabriel Bourque          0  0  0  -1  0   0  0  0  0  0  0/0     5:29   0:00   0:15 
John Carlson             0  0  0  -2  2   2  1  2  0  0  0/0    24:36   5:32   3:05 
Justin Falk              0  0  0   1  0   0  0  0  0  1  0/0    12:25   0:00   0:28 
Kevin Marshall           0  0  0   0  0   1  0  0  0  0  0/0     5:07   0:00   0:00 
Matthew Spiller          0  1  1   2  0   3  0  1  0  2  0/0    18:37   3:20   2:09 
Mike Green               0  1  1  -3  0   2  2  3  0  0  0/0    29:52   5:33   3:33 
Rick Nash                0  1  1   1  0   3  2  2  2  0  0/1    18:04   4:56   0:51 
Scott Gomez              0  0  0  -1  0   0  0  0  0  0  3/10    9:25   0:00   3:38 
Seth Jones               0  0  0   2  0   0  0  0  0  1  0/0    13:55   3:20   0:00 
Tomas Fleischmann        0  1  1   1  2   4  1  0  1  0  1/1    13:39   0:16   0:00 

3 Stars

1 - Robert Nilsson (Van)
2 - Jamie McBain (Van)
3 - Antoine Roussel (Chi)

Power Play

Canucks - 3 on 6 Attempt(s) - 50.00%
Blackhawks - 0 on 5 Attempt(s) - 0.00%

Penalty Kill

Canucks - 5 on 5 Attempt(s) - 100.00% - Score 0 goal in Penalty Kill
Blackhawks - 3 on 6 Attempt(s) - 50.00% - Score 0 goal in Penalty Kill

Team Stat

Canucks - Hits : 17 - Faceoff Wins : 37 - Blocked Shots : 16 - Penalty Minutes : 10
Blackhawks - Hits : 19 - Faceoff Wins : 31 - Blocked Shots : 9 - Penalty Minutes : 12

Official

Referees : Unknown
Linesman : Unknown

Game Notes

Robert Nilsson has scored a Hat Trick!
Robert Nilsson has scored in a empty net!

Finance

Level 1 -- Attendance: 5789 (96.48%) -- Ticket Income $561,533
Level 2 -- Attendance: 5000 (100.00%) -- Ticket Income $325,000
Level 3 -- Attendance: 1844 (92.20%) -- Ticket Income $73,760
Level 4 -- Attendance: 4000 (100.00%) -- Ticket Income $100,000
Luxury Box -- Attendance: 768 (76.80%) -- Ticket Income $144,384
Game was played at the Rexall Place.
Total Attendance: 17401 (96.67%)
Total Ticket Income: $1,204,677
Other Income: $180,702
Total Income: $1,385,379

Canucks

5 vs 5 Forward 
   Center                   Left Wing                Right Wing               Time % Phy DF OF 
 1 Robert Nilsson           Loui Eriksson            Nick Palmieri            40     1   2  2  
 2 Marc Savard              Andrei Kostitsyn         Brad Boyes               30     1   2  2  
 3 Brandon Sutter           Jason Zucker             Jeremy Morin             20     1   2  2  
 4 Robert Nilsson           Brandon Saad             Jesper Fast              10     1   2  2  

5 vs 5 Defense 
   Defense                  Defense                                           Time % Phy DF OF 
 1 Jamie McBain             Drew Fata                                         40     1   2  2  
 2 Ben Lovejoy              Jonathan Blum                                     30     1   2  2  
 3 Jordie Benn              Jake Muzzin                                       20     1   2  2  
 4 Jamie McBain             Drew Fata                                         10     1   2  2  

PowerPlay Forward 
   Center                   Left Wing                Right Wing               Time % Phy DF OF 
 1 Robert Nilsson           Loui Eriksson            Nick Palmieri            60     1   2  2  
 2 Marc Savard              Andrei Kostitsyn         Brad Boyes               40     1   2  2  

PowerPlay Defense
   Defense                  Defense                                           Time % Phy DF OF 
 1 Jamie McBain             Drew Fata                                         60     1   2  2  
 2 Ben Lovejoy              Jonathan Blum                                     40     1   2  2  

Penalty Kill 4 Players Forward 
   Center                   Wing                     Time % Phy DF OF 
 1 Robert Nilsson           Marc Savard              60     1   2  2  
 2 Loui Eriksson            Andrei Kostitsyn         40     1   2  2  

Penalty Kill 4 Players Defense
   Defense                  Defense                  Time % Phy DF OF 
 1 Jamie McBain             Drew Fata                60     1   2  2  
 2 Ben Lovejoy              Jonathan Blum            40     1   2  2  

Penalty Kill - 3 Players Forward 
   Forward                                           Time % Phy DF OF 
 1 Robert Nilsson                                    60     1   2  2  
 2 Marc Savard                                       40     1   2  2  

Penalty Kill - 3 Players Defense
   Defense                  Defense                  Time % Phy DF OF 
 1 Jamie McBain             Drew Fata                60     1   2  2  
 2 Ben Lovejoy              Jonathan Blum            40     1   2  2  

4 vs 4 Forward 
   Center                   Wing                     Time % Phy DF OF 
 1 Robert Nilsson           Marc Savard              60     1   2  2  
 2 Loui Eriksson            Andrei Kostitsyn         40     1   2  2  

4 vs 4 Defense
   Defense                  Defense                  Time % Phy DF OF 
 1 Jamie McBain             Drew Fata                60     1   2  2  
 2 Ben Lovejoy              Jonathan Blum            40     1   2  2  

Last Minutes Offensive
   Center                   Left Wing                Right Wing               Defense                  Defense                  
   Robert Nilsson           Loui Eriksson            Nick Palmieri            Jamie McBain             Drew Fata                

Last Minutes Defensive
   Center                   Left Wing                Right Wing               Defense                  Defense                  
   Robert Nilsson           Loui Eriksson            Nick Palmieri            Jamie McBain             Drew Fata                

Goaltenders
Starting : Jacob Markstrom          
Backup : Martin Jones             

Extra Forwards
Normal : Jack Skille, Brandon Sutter, Jeremy Morin - PP : Jack Skille, Brandon Sutter - PK : Jeremy Morin
Extra Defensemen
Normal : Jordie Benn, Jake Muzzin, Ben Lovejoy - PP : Jordie Benn - PK : Jake Muzzin, Ben Lovejoy
Penalty Shots
Robert Nilsson, Marc Savard, Loui Eriksson, Andrei Kostitsyn, Nick Palmieri

Scratches
Andy Rogers (Strained Left Elbow Injury), Kurtis Foster (Bruised Left Shoulder Injury), Colton Gillies (Healthy)

Blackhawks

5 vs 5 Forward 
   Center                   Left Wing                Right Wing               Time % Phy DF OF 
 1 Derick Brassard          Antoine Roussel          Rick Nash                40     1   2  2  
 2 Cody Hodgson             Chris Kreider            Brandon Yip              30     1   2  2  
 3 Erik Christensen         Tomas Fleischmann        David Jones              20     1   2  2  
 4 Scott Gomez              Gabriel Bourque          Derick Brassard          10     1   2  2  

5 vs 5 Defense 
   Defense                  Defense                                           Time % Phy DF OF 
 1 Mike Green               John Carlson                                      40     1   2  2  
 2 Matthew Spiller          Eric Brewer                                       30     1   2  2  
 3 Justin Falk              Seth Jones                                        20     1   2  2  
 4 Kevin Marshall           Mike Green                                        10     1   2  2  

PowerPlay Forward 
   Center                   Left Wing                Right Wing               Time % Phy DF OF 
 1 Derick Brassard          Antoine Roussel          Rick Nash                60     1   2  2  
 2 Cody Hodgson             Chris Kreider            Brandon Yip              40     1   2  2  

PowerPlay Defense
   Defense                  Defense                                           Time % Phy DF OF 
 1 Mike Green               John Carlson                                      60     1   2  2  
 2 Matthew Spiller          Seth Jones                                        40     1   2  2  

Penalty Kill 4 Players Forward 
   Center                   Wing                     Time % Phy DF OF 
 1 Scott Gomez              Antoine Roussel          60     1   2  2  
 2 Chris Kreider            Rick Nash                40     1   2  2  

Penalty Kill 4 Players Defense
   Defense                  Defense                  Time % Phy DF OF 
 1 Mike Green               John Carlson             60     1   2  2  
 2 Matthew Spiller          Eric Brewer              40     1   2  2  

Penalty Kill - 3 Players Forward 
   Forward                                           Time % Phy DF OF 
 1 Derick Brassard                                   60     1   2  2  
 2 Antoine Roussel                                   40     1   2  2  

Penalty Kill - 3 Players Defense
   Defense                  Defense                  Time % Phy DF OF 
 1 Mike Green               John Carlson             60     1   2  2  
 2 Matthew Spiller          Eric Brewer              40     1   2  2  

4 vs 4 Forward 
   Center                   Wing                     Time % Phy DF OF 
 1 Derick Brassard          Antoine Roussel          60     1   2  2  
 2 Chris Kreider            Rick Nash                40     1   2  2  

4 vs 4 Defense
   Defense                  Defense                  Time % Phy DF OF 
 1 Mike Green               John Carlson             60     1   2  2  
 2 Matthew Spiller          Eric Brewer              40     1   2  2  

Last Minutes Offensive
   Center                   Left Wing                Right Wing               Defense                  Defense                  
   Derick Brassard          Antoine Roussel          Rick Nash                Mike Green               John Carlson             

Last Minutes Defensive
   Center                   Left Wing                Right Wing               Defense                  Defense                  
   Derick Brassard          Antoine Roussel          Rick Nash                Mike Green               John Carlson             

Goaltenders
Starting : Ray Emery                
Backup : Jimmy Howard             

Extra Forwards
Normal : Tomas Fleischmann, Erik Christensen, Scott Gomez - PP : Tomas Fleischmann, Erik Christensen - PK : Scott Gomez
Extra Defensemen
Normal : Justin Falk, Seth Jones, Kevin Marshall - PP : Justin Falk - PK : Seth Jones, Kevin Marshall
Penalty Shots
Derick Brassard, Antoine Roussel, Chris Kreider, Rick Nash, Cody Hodgson

Scratches
Nathan Horton (Healthy)

% Time on Ice - Canucks

Lines # - Real PCT - Wanted PCT - Time Play
Normal Forward
1 - 36% - 40% - 15:47
2 - 32% - 30% - 13:56
3 - 24% - 20% - 10:41
4 - 8% - 10% - 3:33
Normal Defense
1 - 40% - 40% - 17:44
2 - 36% - 30% - 15:53
3 - 22% - 20% - 9:29
4 - 2% - 10% - 0:51
PP Forward
1 - 64% - 60% - 3:39
2 - 36% - 40% - 2:03
PP Defense
1 - 67% - 60% - 3:48
2 - 33% - 40% - 1:54
PK Forward
1 - 72% - 60% - 6:22
2 - 28% - 40% - 2:31
PK Defense
1 - 72% - 60% - 6:22
2 - 28% - 40% - 2:31
PK3 Forward
1 - 0% - 60%
2 - 0% - 40%
PK3 Defense
1 - 0% - 60%
2 - 0% - 40%
44 Forward
1 - 100% - 60% - 1:02
2 - 0% - 40% - 0:00
44 Defense
1 - 100% - 60% - 1:02
2 - 0% - 40% - 0:00
Last Minute Offensive  - 0:00
Last Minute Defensive  - 0:26
Total
Forward - 60:00
Defense - 60:00

% Time on Ice - Blackhawks

Lines # - Real PCT - Wanted PCT - Time Play
Normal Forward
1 - 31% - 40% - 13:25
2 - 32% - 30% - 14:06
3 - 26% - 20% - 11:16
4 - 11% - 10% - 5:02
Normal Defense
1 - 35% - 40% - 15:21
2 - 33% - 30% - 14:21
3 - 22% - 20% - 9:36
4 - 10% - 10% - 4:31
PP Forward
1 - 59% - 60% - 5:12
2 - 41% - 40% - 3:41
PP Defense
1 - 62% - 60% - 5:33
2 - 38% - 40% - 3:20
PK Forward
1 - 85% - 60% - 4:51
2 - 15% - 40% - 0:51
PK Defense
1 - 62% - 60% - 3:33
2 - 38% - 40% - 2:09
PK3 Forward
1 - 0% - 60%
2 - 0% - 40%
PK3 Defense
1 - 0% - 60%
2 - 0% - 40%
44 Forward
1 - 100% - 60% - 1:02
2 - 0% - 40% - 0:00
44 Defense
1 - 100% - 60% - 1:02
2 - 0% - 40% - 0:00
Last Minute Offensive  - 0:34
Last Minute Defensive  - 0:00
Total
Forward - 60:00
Defense - 60:00

Play-by-Play

1st period


0:01 of 1st period - Robert Nilsson wins face-off versus Derick Brassard in neutral zone.
0:38 of 1st period - Snap shot by Cody Hodgson.
0:38 of 1st period - Shot Misses the Net.
0:40 of 1st period - Slapshot by Mike Green.
0:40 of 1st period - Shot Blocked by Drew Fata.
1:12 of 1st period - Off-side.
1:13 of 1st period - Robert Nilsson wins face-off versus Scott Gomez in neutral zone.
1:16 of 1st period - Wrist shot by Loui Eriksson.
1:16 of 1st period - Stopped by Ray Emery with a rebound.
2:27 of 1st period - Wrist shot by Erik Christensen.
2:27 of 1st period - Deflect By Tomas Fleischmann.
2:27 of 1st period - Stopped by Jacob Markstrom without a rebound.
2:28 of 1st period - Chris Kreider wins face-off versus Robert Nilsson in Canucks zone.
2:55 of 1st period - Slapshot by Mike Green.
2:55 of 1st period - Stopped by Jacob Markstrom with a rebound.
3:03 of 1st period - Slapshot by Rick Nash.
3:03 of 1st period - Shot Misses the Net.
3:28 of 1st period - Minor Penalty to Tomas Fleischmann for High sticking.
3:29 of 1st period - Robert Nilsson wins face-off versus Scott Gomez in Blackhawks zone.
3:29 of 1st period - Wrist shot by Jamie McBain.
3:29 of 1st period - Deflect By Robert Nilsson.
3:29 of 1st period - Goal by Robert Nilsson - Canucks : 1 - Blackhawks : 0.
3:30 of 1st period - Derick Brassard wins face-off versus Robert Nilsson in neutral zone.
4:02 of 1st period - Drew Fata is hit by Chris Kreider and loses puck.
4:21 of 1st period - Jonathan Blum is hit by Erik Christensen and loses puck.
4:48 of 1st period - Wrist shot by Jesper Fast.
4:48 of 1st period - Shot Blocked by Mike Green.
5:26 of 1st period - Wrist shot by Cody Hodgson.
5:26 of 1st period - Deflect By Brandon Yip.
5:26 of 1st period - Shot Blocked by Nick Palmieri.
5:26 of 1st period - Puck is out of play.
5:27 of 1st period - Marc Savard wins face-off versus Derick Brassard in Canucks zone.
5:50 of 1st period - Icing by Mike Green.
5:51 of 1st period - Robert Nilsson wins face-off versus Derick Brassard in Blackhawks zone.
6:07 of 1st period - Off-side.
6:08 of 1st period - Robert Nilsson wins face-off versus Erik Christensen in neutral zone.
6:15 of 1st period - Slapshot by Jamie McBain.
6:15 of 1st period - Stopped by Ray Emery with a rebound.
6:33 of 1st period - Jeremy Morin is hit by Chris Kreider and loses puck.
6:38 of 1st period - Snap shot by Cody Hodgson.
6:38 of 1st period - Shot Blocked by Jason Zucker.
6:44 of 1st period - Slapshot by Chris Kreider.
6:44 of 1st period - Shot Blocked by Drew Fata.
6:58 of 1st period - Wrist shot by Drew Fata.
6:58 of 1st period - Shot Misses the Net.
7:22 of 1st period - Eric Brewer is hit by Loui Eriksson and loses puck.
7:58 of 1st period - Slapshot by Cody Hodgson.
7:58 of 1st period - Shot Misses the Net.
9:10 of 1st period - Slapshot by Jamie McBain.
9:10 of 1st period - Stopped by Ray Emery without a rebound.
9:11 of 1st period - Marc Savard wins face-off versus Derick Brassard in Blackhawks zone.
9:34 of 1st period - Minor Penalty to Andrei Kostitsyn for Delaying the game.
9:35 of 1st period - Robert Nilsson wins face-off versus Derick Brassard in Canucks zone.
9:35 of 1st period - Robert Nilsson is hit by Rick Nash.
10:10 of 1st period - Snap shot by Rick Nash.
10:10 of 1st period - Shot Blocked by Drew Fata.
11:26 of 1st period - Slapshot by Brandon Saad.
11:26 of 1st period - Deflect By Brandon Sutter.
11:26 of 1st period - Stopped by Ray Emery without a rebound.
11:27 of 1st period - Tomas Fleischmann wins face-off versus Brandon Sutter in Blackhawks zone.
11:34 of 1st period - Penalty to Andrei Kostitsyn is over, Andrei Kostitsyn is back on ice.
11:40 of 1st period - Snap shot by Mike Green.
11:40 of 1st period - Shot Blocked by Ben Lovejoy.
11:42 of 1st period - Slapshot by John Carlson.
11:42 of 1st period - Shot Misses the Net.
11:44 of 1st period - Wrist shot by Tomas Fleischmann.
11:44 of 1st period - Shot Blocked by Ben Lovejoy.
11:46 of 1st period - Slapshot by Kevin Marshall.
11:46 of 1st period - Stopped by Jacob Markstrom with a rebound.
11:48 of 1st period - Slapshot by Mike Green.
11:48 of 1st period - Shot Misses the Net.
11:50 of 1st period - Wrist shot by David Jones.
11:50 of 1st period - Shot Blocked by Brandon Sutter.
12:25 of 1st period - David Jones is hit by Brandon Saad and loses puck.
12:56 of 1st period - Slapshot by David Jones.
12:56 of 1st period - Shot Misses the Net.
12:58 of 1st period - Snap shot by Erik Christensen.
12:58 of 1st period - Shot Misses the Net.
13:02 of 1st period - Snap shot by Erik Christensen.
13:02 of 1st period - Stopped by Jacob Markstrom with a rebound.
13:04 of 1st period - Slapshot by Eric Brewer.
13:04 of 1st period - Shot Blocked by Andrei Kostitsyn.
13:06 of 1st period - Wrist shot by Eric Brewer.
13:06 of 1st period - Stopped by Jacob Markstrom without a rebound.
13:07 of 1st period - Cody Hodgson wins face-off versus Robert Nilsson in Canucks zone.
13:08 of 1st period - Slapshot by Brandon Yip.
13:08 of 1st period - Shot Blocked by Nick Palmieri.
13:11 of 1st period - Icing by Drew Fata.
13:12 of 1st period - Robert Nilsson wins face-off versus Cody Hodgson in Canucks zone.
13:19 of 1st period - Wrist shot by Robert Nilsson.
13:19 of 1st period - Shot Misses the Net.
13:29 of 1st period - Loui Eriksson is hit by John Carlson and loses puck.
13:46 of 1st period - Wrist shot by Loui Eriksson.
13:46 of 1st period - Stopped by Ray Emery without a rebound.
13:47 of 1st period - Derick Brassard wins face-off versus Marc Savard in Blackhawks zone.
13:49 of 1st period - Icing by Rick Nash.
13:50 of 1st period - Derick Brassard wins face-off versus Marc Savard in Blackhawks zone.
14:01 of 1st period - Slapshot by Antoine Roussel.
14:01 of 1st period - Goal by Antoine Roussel - Canucks : 1 - Blackhawks : 1.
14:02 of 1st period - Scott Gomez wins face-off versus Robert Nilsson in neutral zone.
14:54 of 1st period - Off-side.
14:55 of 1st period - Brandon Sutter wins face-off versus Derick Brassard in neutral zone.
14:58 of 1st period - Rick Nash is hit by Jonathan Blum and loses puck.
15:09 of 1st period - Wrist shot by Jason Zucker.
15:09 of 1st period - Deflect By Mike Green.
15:09 of 1st period - Shot Blocked by John Carlson.
15:09 of 1st period - Puck is out of play.
15:10 of 1st period - Cody Hodgson wins face-off versus Robert Nilsson in Blackhawks zone.
15:10 of 1st period - Cody Hodgson is hit by Robert Nilsson.
15:19 of 1st period - Off-side.
15:20 of 1st period - Cody Hodgson wins face-off versus Robert Nilsson in neutral zone.
15:31 of 1st period - Wrist shot by Nick Palmieri.
15:31 of 1st period - Shot Blocked by Matthew Spiller.
15:39 of 1st period - Wrist shot by Loui Eriksson.
15:39 of 1st period - Stopped by Ray Emery without a rebound.
15:40 of 1st period - Marc Savard wins face-off versus Derick Brassard in Blackhawks zone.
16:29 of 1st period - Jamie McBain is hit by Cody Hodgson and loses puck.
16:37 of 1st period - Off-side.
16:38 of 1st period - Derick Brassard wins face-off versus Marc Savard in neutral zone.
16:51 of 1st period - Snap shot by Derick Brassard.
16:51 of 1st period - Stopped by Jacob Markstrom without a rebound.
16:52 of 1st period - Derick Brassard wins face-off versus Jeremy Morin in Canucks zone.
17:05 of 1st period - Slapshot by Brandon Sutter.
17:05 of 1st period - Stopped by Ray Emery with a rebound.
17:07 of 1st period - Wrist shot by Jeremy Morin.
17:07 of 1st period - Shot Blocked by Rick Nash.
17:48 of 1st period - Matthew Spiller is hit by Nick Palmieri and loses puck.
18:30 of 1st period - Icing by Jonathan Blum.
18:31 of 1st period - Derick Brassard wins face-off versus Robert Nilsson in Canucks zone.
18:38 of 1st period - Wrist shot by Derick Brassard.
18:38 of 1st period - Shot Misses the Net.
19:02 of 1st period - Wrist shot by Chris Kreider.
19:02 of 1st period - Stopped by Jacob Markstrom without a rebound.
19:03 of 1st period - Cody Hodgson wins face-off versus Marc Savard in Canucks zone.
19:10 of 1st period - Snap shot by Chris Kreider.
19:10 of 1st period - Shot Misses the Net.
19:18 of 1st period - Wrist shot by Chris Kreider.
19:18 of 1st period - Shot Misses the Net.
19:20 of 1st period - Wrist shot by Matthew Spiller.
19:20 of 1st period - Stopped by Jacob Markstrom with a rebound.
19:22 of 1st period - Wrist shot by Cody Hodgson.
19:22 of 1st period - Goal by Cody Hodgson - Canucks : 1 - Blackhawks : 2.
19:23 of 1st period - Jeremy Morin wins face-off versus Derick Brassard in neutral zone.
19:25 of 1st period - Minor Penalty to Jason Zucker for High sticking.
19:26 of 1st period - Robert Nilsson wins face-off versus Derick Brassard in Canucks zone.
19:34 of 1st period - Snap shot by Rick Nash.
19:34 of 1st period - Shot Blocked by Jamie McBain.
19:36 of 1st period - Slapshot by John Carlson.
19:36 of 1st period - Shot Blocked by Drew Fata.
19:38 of 1st period - Wrist shot by Rick Nash.
19:38 of 1st period - Deflect By Antoine Roussel.
19:38 of 1st period - Stopped by Jacob Markstrom with a rebound.
Goals for this period are 1 for Canucks vs 2 for Blackhawks.
Shots for this period are 8 for Canucks vs 11 for Blackhawks.

2nd period


0:01 of 2nd period - Robert Nilsson wins face-off versus Derick Brassard in neutral zone.
0:22 of 2nd period - Minor Penalty to John Carlson for Hooking.
0:23 of 2nd period - Robert Nilsson wins face-off versus Derick Brassard in Blackhawks zone.
0:26 of 2nd period - Snap shot by Robert Nilsson.
0:26 of 2nd period - Goal by Robert Nilsson - Canucks : 2 - Blackhawks : 2.
0:27 of 2nd period - Derick Brassard wins face-off versus Robert Nilsson in neutral zone.
0:36 of 2nd period - Slapshot by Drew Fata.
0:36 of 2nd period - Shot Blocked by Mike Green.
0:40 of 2nd period - Snap shot by Robert Nilsson.
0:40 of 2nd period - Deflect By Marc Savard.
0:40 of 2nd period - Goal by Marc Savard - Canucks : 3 - Blackhawks : 2.
0:41 of 2nd period - Derick Brassard wins face-off versus Robert Nilsson in neutral zone.
0:48 of 2nd period - Slapshot by Derick Brassard.
0:48 of 2nd period - Goal by Derick Brassard - Canucks : 3 - Blackhawks : 3.
0:49 of 2nd period - Robert Nilsson wins face-off versus Derick Brassard in neutral zone.
0:58 of 2nd period - Wrist shot by Robert Nilsson.
0:58 of 2nd period - Shot Misses the Net.
1:00 of 2nd period - Snap shot by Robert Nilsson.
1:00 of 2nd period - Stopped by Ray Emery without a rebound.
1:01 of 2nd period - Derick Brassard wins face-off versus Robert Nilsson in Blackhawks zone.
1:10 of 2nd period - Snap shot by Derick Brassard.
1:10 of 2nd period - Stopped by Jacob Markstrom with a rebound.
1:12 of 2nd period - Slapshot by Justin Falk.
1:12 of 2nd period - Shot Blocked by Jamie McBain.
1:14 of 2nd period - Slapshot by Mike Green.
1:14 of 2nd period - Deflect By Antoine Roussel.
1:14 of 2nd period - Stopped by Jacob Markstrom without a rebound.
1:15 of 2nd period - Robert Nilsson wins face-off versus Derick Brassard in Canucks zone.
1:20 of 2nd period - Justin Falk is hit by Robert Nilsson and loses puck.
1:25 of 2nd period - Penalty to Jason Zucker is over, Jason Zucker is back on ice.
2:22 of 2nd period - Penalty to John Carlson is over, John Carlson is back on ice.
3:27 of 2nd period - Scott Gomez is hit by Nick Palmieri and loses puck.
3:51 of 2nd period - Chris Kreider is hit by Ben Lovejoy and loses puck.
5:16 of 2nd period - Wrist shot by Jason Zucker.
5:16 of 2nd period - Shot Misses the Net.
5:22 of 2nd period - Jeremy Morin is hit by Brandon Yip.
5:33 of 2nd period - Minor Penalty to Eric Brewer for Hooking.
5:34 of 2nd period - Scott Gomez wins face-off versus Robert Nilsson in Blackhawks zone.
5:42 of 2nd period - Slapshot by Robert Nilsson.
5:42 of 2nd period - Stopped by Ray Emery with a rebound.
5:44 of 2nd period - Slapshot by Jamie McBain.
5:44 of 2nd period - Goal by Jamie McBain - Canucks : 4 - Blackhawks : 3.
5:45 of 2nd period - Derick Brassard wins face-off versus Robert Nilsson in neutral zone.
7:44 of 2nd period - Snap shot by Andrei Kostitsyn.
7:44 of 2nd period - Shot Misses the Net.
7:58 of 2nd period - Robert Nilsson is hit by Mike Green and loses puck.
8:07 of 2nd period - Matthew Spiller is hit by Robert Nilsson.
8:17 of 2nd period - Wrist shot by Antoine Roussel.
8:17 of 2nd period - Goal by Antoine Roussel - Canucks : 4 - Blackhawks : 4.
8:18 of 2nd period - Derick Brassard wins face-off versus Marc Savard in neutral zone.
8:45 of 2nd period - Jason Zucker is hit by Chris Kreider and loses puck.
8:54 of 2nd period - Snap shot by Cody Hodgson.
8:54 of 2nd period - Shot Blocked by Jeremy Morin.
10:05 of 2nd period - Wrist shot by Loui Eriksson.
10:05 of 2nd period - Deflect By Robert Nilsson.
10:05 of 2nd period - Shot Blocked by Rick Nash.
10:05 of 2nd period - Puck is out of play.
10:06 of 2nd period - Robert Nilsson wins face-off versus Cody Hodgson in Blackhawks zone.
10:21 of 2nd period - Slapshot by Robert Nilsson.
10:21 of 2nd period - Shot Blocked by Brandon Yip.
10:23 of 2nd period - Snap shot by Loui Eriksson.
10:23 of 2nd period - Stopped by Ray Emery without a rebound.
10:24 of 2nd period - Brad Boyes wins face-off versus Erik Christensen in Blackhawks zone.
10:35 of 2nd period - Snap shot by John Carlson.
10:35 of 2nd period - Shot Blocked by Jonathan Blum.
10:37 of 2nd period - Snap shot by David Jones.
10:37 of 2nd period - Deflect By Tomas Fleischmann.
10:37 of 2nd period - Shot Blocked by Jonathan Blum.
10:37 of 2nd period - Puck is out of play.
10:38 of 2nd period - Derick Brassard wins face-off versus Robert Nilsson in Canucks zone.
10:39 of 2nd period - Slapshot by John Carlson.
10:39 of 2nd period - Stopped by Jacob Markstrom with a rebound.
10:41 of 2nd period - Wrist shot by Derick Brassard.
10:41 of 2nd period - Shot Misses the Net.
10:50 of 2nd period - Minor Penalty to Nick Palmieri for Elbowing.
10:51 of 2nd period - Derick Brassard wins face-off versus Robert Nilsson in Canucks zone.
11:17 of 2nd period - Drew Fata is hit by Brandon Yip and loses puck.
11:51 of 2nd period - Snap shot by Chris Kreider.
11:51 of 2nd period - Stopped by Jacob Markstrom with a rebound.
11:59 of 2nd period - Slapshot by Cody Hodgson.
11:59 of 2nd period - Stopped by Jacob Markstrom with a rebound.
12:01 of 2nd period - Slapshot by Matthew Spiller.
12:01 of 2nd period - Deflect By Jamie McBain.
12:01 of 2nd period - Stopped by Jacob Markstrom with a rebound.
12:03 of 2nd period - Snap shot by Chris Kreider.
12:03 of 2nd period - Shot Misses the Net.
12:05 of 2nd period - Snap shot by Matthew Spiller.
12:05 of 2nd period - Stopped by Jacob Markstrom without a rebound.
12:06 of 2nd period - Derick Brassard wins face-off versus Loui Eriksson in Canucks zone.
12:09 of 2nd period - Backhand shot by Derick Brassard.
12:09 of 2nd period - Stopped by Jacob Markstrom without a rebound.
12:10 of 2nd period - Loui Eriksson wins face-off versus Derick Brassard in Canucks zone.
12:10 of 2nd period - Loui Eriksson is hit by Mike Green.
12:50 of 2nd period - Penalty to Nick Palmieri is over, Nick Palmieri is back on ice.
13:00 of 2nd period - Slapshot by Jamie McBain.
13:00 of 2nd period - Shot Misses the Net.
13:36 of 2nd period - Brandon Yip is hit by Andrei Kostitsyn and loses puck.
14:22 of 2nd period - Wrist shot by Brandon Sutter.
14:22 of 2nd period - Goal by Brandon Sutter - Canucks : 5 - Blackhawks : 4.
14:23 of 2nd period - Robert Nilsson wins face-off versus Cody Hodgson in neutral zone.
14:58 of 2nd period - Andrei Kostitsyn is hit by Antoine Roussel and loses puck.
15:21 of 2nd period - Snap shot by Tomas Fleischmann.
15:21 of 2nd period - Stopped by Jacob Markstrom with a rebound.
16:13 of 2nd period - Wrist shot by Robert Nilsson.
16:13 of 2nd period - Stopped by Ray Emery without a rebound.
16:14 of 2nd period - Marc Savard wins face-off versus Scott Gomez in Blackhawks zone.
16:39 of 2nd period - Brandon Yip is hit by Jonathan Blum and loses puck.
16:44 of 2nd period - Slapshot by Jamie McBain.
16:44 of 2nd period - Shot Misses the Net.
16:46 of 2nd period - Wrist shot by Jason Zucker.
16:46 of 2nd period - Shot Misses the Net.
17:00 of 2nd period - Tomas Fleischmann is hit by Loui Eriksson and loses puck.
17:16 of 2nd period - Minor Penalty to Erik Christensen for Roughing.
17:17 of 2nd period - Robert Nilsson wins face-off versus Scott Gomez in Blackhawks zone.
19:16 of 2nd period - Penalty to Erik Christensen is over, Erik Christensen is back on ice.
19:23 of 2nd period - Snap shot by Antoine Roussel.
19:23 of 2nd period - Stopped by Jacob Markstrom without a rebound.
19:24 of 2nd period - Erik Christensen wins face-off versus Brandon Sutter in Canucks zone.
19:29 of 2nd period - Wrist shot by Erik Christensen.
19:29 of 2nd period - Goal by Erik Christensen - Canucks : 5 - Blackhawks : 5.
19:30 of 2nd period - Marc Savard wins face-off versus Derick Brassard in neutral zone.
19:33 of 2nd period - Antoine Roussel is hit by Andrei Kostitsyn and loses puck.
Goals for this period are 4 for Canucks vs 3 for Blackhawks.
Shots for this period are 8 for Canucks vs 13 for Blackhawks.

3rd period


0:01 of 3rd period - Robert Nilsson wins face-off versus Derick Brassard in neutral zone.
0:07 of 3rd period - Minor Penalty to Derick Brassard for Hooking.
0:08 of 3rd period - Robert Nilsson wins face-off versus Scott Gomez in Blackhawks zone.
0:42 of 3rd period - Slapshot by Jonathan Blum.
0:42 of 3rd period - Goal by Jonathan Blum - Canucks : 6 - Blackhawks : 5.
0:43 of 3rd period - Robert Nilsson wins face-off versus Derick Brassard in neutral zone.
0:50 of 3rd period - Snap shot by Robert Nilsson.
0:50 of 3rd period - Shot Blocked by John Carlson.
1:32 of 3rd period - Slapshot by Jamie McBain.
1:32 of 3rd period - Shot Misses the Net.
1:34 of 3rd period - Slapshot by Drew Fata.
1:34 of 3rd period - Stopped by Ray Emery with a rebound.
1:36 of 3rd period - Wrist shot by Jeremy Morin.
1:36 of 3rd period - Deflect By Brandon Sutter.
1:36 of 3rd period - Stopped by Ray Emery with a rebound.
1:38 of 3rd period - Wrist shot by Brandon Sutter.
1:38 of 3rd period - Stopped by Ray Emery with a rebound.
1:42 of 3rd period - Wrist shot by Brandon Sutter.
1:42 of 3rd period - Deflect By Jason Zucker.
1:42 of 3rd period - Stopped by Ray Emery without a rebound.
1:43 of 3rd period - Derick Brassard wins face-off versus Robert Nilsson in Blackhawks zone.
1:48 of 3rd period - Robert Nilsson is hit by Rick Nash and loses puck.
2:28 of 3rd period - Off-side.
2:29 of 3rd period - Erik Christensen wins face-off versus Brandon Sutter in neutral zone.
2:31 of 3rd period - Minor Penalty to David Jones for Hooking.
2:32 of 3rd period - Nick Palmieri wins face-off versus Scott Gomez in Blackhawks zone.
2:38 of 3rd period - Wrist shot by Robert Nilsson.
2:38 of 3rd period - Deflect By Nick Palmieri.
2:38 of 3rd period - Shot Misses the Net.
2:38 of 3rd period - Puck is out of play.
2:39 of 3rd period - Robert Nilsson wins face-off versus Scott Gomez in Blackhawks zone.
2:58 of 3rd period - Slapshot by Drew Fata.
2:58 of 3rd period - Stopped by Ray Emery without a rebound.
2:59 of 3rd period - Scott Gomez wins face-off versus Marc Savard in Blackhawks zone.
3:22 of 3rd period - Scott Gomez is hit by Loui Eriksson and loses puck.
4:31 of 3rd period - Penalty to David Jones is over, David Jones is back on ice.
4:41 of 3rd period - Slapshot by Jason Zucker.
4:41 of 3rd period - Stopped by Ray Emery with a rebound.
4:43 of 3rd period - Snap shot by Jason Zucker.
4:43 of 3rd period - Shot Hit the Post.
4:45 of 3rd period - Slapshot by Jamie McBain.
4:45 of 3rd period - Deflect By Jason Zucker.
4:45 of 3rd period - Shot Misses the Net.
4:45 of 3rd period - Puck is out of play.
4:46 of 3rd period - Brandon Sutter wins face-off versus Derick Brassard in Blackhawks zone.
5:59 of 3rd period - Wrist shot by Brad Boyes.
5:59 of 3rd period - Deflect By Andrei Kostitsyn.
5:59 of 3rd period - Stopped by Ray Emery with a rebound.
6:01 of 3rd period - Slapshot by Ben Lovejoy.
6:01 of 3rd period - Shot Misses the Net.
6:03 of 3rd period - Slapshot by Ben Lovejoy.
6:03 of 3rd period - Stopped by Ray Emery with a rebound.
6:05 of 3rd period - Slapshot by Andrei Kostitsyn.
6:05 of 3rd period - Stopped by Ray Emery with a rebound.
6:25 of 3rd period - Snap shot by Brad Boyes.
6:25 of 3rd period - Stopped by Ray Emery without a rebound.
6:26 of 3rd period - Robert Nilsson wins face-off versus Cody Hodgson in Blackhawks zone.
6:54 of 3rd period - Minor Penalty to Jamie McBain for Diving.
6:55 of 3rd period - Derick Brassard wins face-off versus Robert Nilsson in Canucks zone.
7:44 of 3rd period - Wrist shot by Chris Kreider.
7:44 of 3rd period - Shot Misses the Net.
7:46 of 3rd period - Wrist shot by Brandon Yip.
7:46 of 3rd period - Stopped by Jacob Markstrom without a rebound.
7:47 of 3rd period - Loui Eriksson wins face-off versus Rick Nash in Canucks zone.
7:56 of 3rd period - Marc Savard is hit by Antoine Roussel and loses puck.
8:54 of 3rd period - Penalty to Jamie McBain is over, Jamie McBain is back on ice.
9:46 of 3rd period - Snap shot by Brandon Sutter.
9:46 of 3rd period - Shot Blocked by Mike Green.
9:58 of 3rd period - Eric Brewer is hit by Brandon Saad and loses puck.
10:19 of 3rd period - Andrei Kostitsyn is hit by David Jones.
11:08 of 3rd period - Jonathan Blum is hit by David Jones and loses puck.
11:43 of 3rd period - Snap shot by Gabriel Bourque.
11:43 of 3rd period - Shot Misses the Net.
12:00 of 3rd period - Slapshot by Brandon Yip.
12:00 of 3rd period - Shot Misses the Net.
12:15 of 3rd period - Snap shot by Rick Nash.
12:15 of 3rd period - Stopped by Jacob Markstrom with a rebound.
12:27 of 3rd period - Jeremy Morin is hit by Tomas Fleischmann and loses puck.
12:38 of 3rd period - Cody Hodgson is hit by Drew Fata and loses puck.
12:53 of 3rd period - Slapshot by Robert Nilsson.
12:53 of 3rd period - Stopped by Ray Emery with a rebound.
13:05 of 3rd period - Snap shot by Robert Nilsson.
13:05 of 3rd period - Stopped by Ray Emery without a rebound.
13:06 of 3rd period - Erik Christensen wins face-off versus Jack Skille in Blackhawks zone.
13:13 of 3rd period - Slapshot by Erik Christensen.
13:13 of 3rd period - Deflect By Tomas Fleischmann.
13:13 of 3rd period - Stopped by Jacob Markstrom without a rebound.
13:14 of 3rd period - Brandon Sutter wins face-off versus Derick Brassard in Canucks zone.
13:16 of 3rd period - Minor Penalty to Jordie Benn for Hooking.
13:17 of 3rd period - Robert Nilsson wins face-off versus Derick Brassard in Canucks zone.
13:23 of 3rd period - Slapshot by John Carlson.
13:23 of 3rd period - Deflect By Rick Nash.
13:23 of 3rd period - Stopped by Jacob Markstrom without a rebound.
13:24 of 3rd period - Robert Nilsson wins face-off versus Derick Brassard in Canucks zone.
13:39 of 3rd period - Slapshot by John Carlson.
13:39 of 3rd period - Deflect By Rick Nash.
13:39 of 3rd period - Stopped by Jacob Markstrom with a rebound.
13:41 of 3rd period - Slapshot by Mike Green.
13:41 of 3rd period - Stopped by Jacob Markstrom without a rebound.
13:42 of 3rd period - Cody Hodgson wins face-off versus Robert Nilsson in Canucks zone.
13:43 of 3rd period - Snap shot by John Carlson.
13:43 of 3rd period - Deflect By Brandon Yip.
13:43 of 3rd period - Deflect By Robert Nilsson.
13:43 of 3rd period - Stopped by Jacob Markstrom without a rebound.
13:44 of 3rd period - Cody Hodgson wins face-off versus Robert Nilsson in Canucks zone.
13:51 of 3rd period - Snap shot by Cody Hodgson.
13:51 of 3rd period - Shot Hit the Post.
14:00 of 3rd period - Snap shot by John Carlson.
14:00 of 3rd period - Stopped by Jacob Markstrom without a rebound.
14:01 of 3rd period - Marc Savard wins face-off versus Derick Brassard in Canucks zone.
14:10 of 3rd period - Slapshot by Robert Nilsson.
14:10 of 3rd period - Stopped by Ray Emery with a rebound.
14:28 of 3rd period - Drew Fata is hit by Brandon Yip and loses puck.
14:48 of 3rd period - Off-side.
14:49 of 3rd period - Loui Eriksson wins face-off versus Derick Brassard in neutral zone.
15:16 of 3rd period - Penalty to Jordie Benn is over, Jordie Benn is back on ice.
16:12 of 3rd period - Wrist shot by Derick Brassard.
16:12 of 3rd period - Deflect By Antoine Roussel.
16:12 of 3rd period - Stopped by Jacob Markstrom with a rebound.
16:46 of 3rd period - Wrist shot by Erik Christensen.
16:46 of 3rd period - Deflect By Tomas Fleischmann.
16:46 of 3rd period - Stopped by Jacob Markstrom with a rebound.
17:20 of 3rd period - Jake Muzzin is hit by Eric Brewer and loses puck.
19:06 of 3rd period - Blackhawks, Ray Emery is pulled from the net.
19:18 of 3rd period - Snap shot by Robert Nilsson.
19:18 of 3rd period - Goal by Robert Nilsson - Canucks : 7 - Blackhawks : 5.
19:18 of 3rd period - Ray Emery from Blackhawks was sent back in the game.
19:19 of 3rd period - Erik Christensen wins face-off versus Brandon Sutter in neutral zone.
19:36 of 3rd period - Slapshot by Brandon Sutter.
19:36 of 3rd period - Stopped by Ray Emery with a rebound.
19:46 of 3rd period - Tomas Fleischmann is hit by Robert Nilsson.
Goals for this period are 2 for Canucks vs 0 for Blackhawks.
Shots for this period are 16 for Canucks vs 10 for Blackhawks.